 Dungeon Crawl Stone Soup version 0.31-a0-232-gb1c03b2570 (webtiles) character file.

Game seed: 11130294390348190688

244 funkygono the Chopper (level 5, -1/47 HPs)
             Began as a Minotaur Fighter on July 7, 2023.
             Slain by an orc
             ... wielding a +5 bardiche
              (14 damage)
             ... on level 3 of the Dungeon.
             The game lasted 00:03:21 (1924 turns).

funkygono the Chopper (Minotaur Fighter)            Turns: 1924, Time: 00:03:22

Health: -1/47      AC: 13    Str: 23    XL:     5   Next: 83%
Magic:  4/4        EV:  6    Int:  5    God:
Gold:   132        SH:  4    Dex:  9    Spells: 4/4 levels left

rFire   . . .        a - +0 war axe
rCold   . . .        c - +0 buckler
rNeg    . . .        h - +0 plate armour
rPois   .            (helmet restricted)
rElec   .            (no cloak)
rCorr   +            j - +0 pair of gloves
SInv    .            (no boots)
Will    .....        (no amulet) Stlth
                     l - ring of resist corrosion
HPRegen 0.27/turn    (no ring)
MPRegen 0.09/turn

%: no passive effects
@: no status effects
A: horns 2, retaliatory headbutt
a: no special abilities


You were on level 3 of the Dungeon.
You visited 1 branch of the dungeon, and saw 3 of its levels.

You collected 132 gold pieces.

Inventory:

Hand Weapons
 a - a +0 war axe (weapon)
Missiles
 e - a throwing net
 i - 8 stones (quivered)
 m - 3 boomerangs
Armour
 c - a +0 buckler (worn)
 h - a +0 plate armour (worn)
 j - a +0 pair of gloves (worn)
Jewellery
 l - a ring of resist corrosion (left hand)
Wands
 b - a wand of iceblast (11)
Scrolls
 f - 4 scrolls of teleportation
 g - a scroll of butterflies
Potions
 d - 6 potions of might
 k - 2 potions of enlightenment {unknown}


   Skills:
 + Level 4.5 Fighting
 + Level 5.3 Axes
 + Level 0.2 Throwing
 + Level 4.9 Armour
 + Level 0.7 Dodging
 + Level 4.3 Shields


You had 4 spell levels left.
You didn't know any spells.
Your spell library contained the following spells:

 Spells                   Type           Power      Damage    Failure   Level
 Sandblast                Erth           0%         2d4       100%        1
 Sting                    Tmut/Pois      0%         1d3       100%        1
 Passwall                 Tmut/Erth      0%         N/A       100%        2
 Poisonous Vapours        Pois/Air       0%         N/A       100%        2
 Stone Arrow              Conj/Erth      0%         3d7       100%        3
 Olgreb's Toxic Radiance  Pois           0%         N/A       100%        4


Dungeon Overview and Level Annotations

Branches:
Dungeon (3/15)

Altars:
Cheibriados
Elyvilon
Uskayaw
Wu Jian


Innate Abilities, Weirdness & Mutations

You have a pair of horns on your head.
You reflexively headbutt those who attack you in melee.


Message History

Losyloc's ghost is lightly damaged.
Losyloc's ghost hits you.
You closely miss Losyloc's ghost.
Losyloc's ghost is lightly damaged.
You slash the orc!
You kill the orc!
Losyloc's ghost hits you.
Losyloc's ghost hits you but does no damage.
You block the orc's attack.
You closely miss Losyloc's ghost. Your headbutt misses Losyloc's ghost.
Losyloc's ghost is lightly damaged.
Losyloc's ghost hits you but does no damage.
The orc hits you but does no damage.
You barely miss Losyloc's ghost. Your headbutt misses Losyloc's ghost.
Losyloc's ghost is lightly damaged.
You block Losyloc's ghost's attack.
The orc hits you from afar with a +5 bardiche.
Unknown command.
Your movement speed is average.
Your attack delay is about 1.3.
Your damage rating with your +0 war axe is about 16 (Base 11 x 132% (Str) x 115% (Skill)).
You closely miss Losyloc's ghost. You headbutt Losyloc's ghost!
Losyloc's ghost is heavily damaged.
Losyloc's ghost hits you.
The orc hits you from afar with a +5 bardiche!
Losyloc's ghost hits you but does no damage.
The orc hits you but does no damage.
You slash Losyloc's ghost! You headbutt Losyloc's ghost.
Losyloc's ghost is almost destroyed.
Losyloc's ghost hits you but does no damage.
You block the orc's attack.
Unknown command.
You hit Losyloc's ghost.
You destroy Losyloc's ghost!
The orc completely misses you.
Your Axes skill increases to level 5!
You have reached level 5!
The orc hits you with a +5 bardiche!
* * * LOW HITPOINT WARNING * * *
You closely miss the orc. The orc hits you with a +5 bardiche!
You die...

########+#.#
#...≈...#..#
#._.≈._.#.##
#########...≈...#.#
#.......'########)#
#........########)#
#................)#
#......########8.##
.......#8.....#)@#
#......#..##..#.o#
.......#..8#..#..#
#......#..##..#..#
#
..#.####....#.#..#
# ..#.# [...#.'..##
# ..#.# _.8.#.'...#
# ..#.##
[...#.'...#
######### .....#
....#.#...#
#........


You could see an orc.

Vanquished Creatures
  The ghost of Losyloc the Magician, an amateur OpCK of Xom (D:3)
  An orc wizard (D:3)
  An adder (D:2)
  4 dart slugs
  10 orcs (D:3)
  3 ball pythons
  6 endoplasms
  A giant cockroach (D:1)
  5 goblins
  5 hobgoblins
  10 jackals
  3 quokkas
  3 bats
  4 frilled lizards
  3 kobolds
  7 rats
67 creatures vanquished.

Notes
Turn   | Place    | Note
-------+----------+-------------------------------------------
     0 | D:1      | funkygono the Minotaur Fighter began the quest for the Orb.
     0 | D:1      | Reached XP level 1. HP: 19/19 MP: 0/0
    63 | D:1      | Reached XP level 2. HP: 27/27 MP: 1/1
   332 | D:1      | Reached XP level 3. HP: 27/33 MP: 2/2
   468 | D:2      | Reached skill level 3 in Axes
   699 | D:2      | Found a hide-covered altar of Uskayaw.
  1111 | D:3      | Found an ornate altar of the Wu Jian Council.
  1150 | D:3      | Found a hide-covered altar of Uskayaw.
  1215 | D:3      | Reached XP level 4. HP: 39/40 MP: 3/3
  1241 | D:3      | Found a runed translucent gate.
  1242 | D:3      | Noticed Losyloc's ghost (amateur OpCK)
  1244 | D:3      | Found a runed translucent gate.
  1245 | D:3      | Found a runed translucent gate.
  1382 | D:3      | Reached skill level 4 in Axes
  1611 | D:3      | Found a snail-covered altar of Cheibriados.
  1612 | D:3      | Found a white marble altar of Elyvilon.
  1922 | D:3      | Killed Losyloc's ghost
  1923 | D:3      | Reached skill level 5 in Axes
  1923 | D:3      | Reached XP level 5. HP: 26/47 MP: 4/4
  1924 | D:3      | Slain by an orc

Illustrated notes

Levels and vault maps discovered:
D:1:      roderic_chinese_lattice_arrival, layout_rooms
D:2:      layout_basic, basic_altar, serial_curves, eino_curves_01,
          eino_curves_02
D:3:      layout_basic, mainiacjoe_overflow_paths,
          mainiacjoe_overflow_divided_tiny, eat_drink_and_be_merry_uskayaw,
          biasface_ghost_orc_armoury, chequers_serial_rivers_marsh,
          chequers_decorated_corner, roderic_serpentine_path, eino_tiny_chamber

Skill      XL: |  1  2  3  4 |
---------------+-------------+-----
Fighting       | 4 |  4.5
Armour         | 4 |  4.9
Shields        | 4 |  4.3
Axes           | 3 5 |  5.3
Throwing       | |  0.2
Dodging        | |  0.7

Action                     |  1- 3 |  4- 6 || total
---------------------------+-------+-------++-------
  Melee: War axe           |    79 |    50 ||   129
         Headbutt          |    16 |     8 ||    24
  Throw: Stone             |     1 |     4 ||     5
    Use: Scroll            |     5 |       ||     5
 Armour: Scale mail        |    16 |       ||    16
         Plate armour      |    21 |    36 ||    57
  Dodge: Dodged            |    35 |    19 ||    54
  Block: Buckler           |    15 |    10 ||    25

Table legend: (Time is in decaauts)
 A = Elapsed time spent in this place.
 B = Non-inter-level travel time spent in this place.
 C = Inter-level travel time spent in this place.
 D = Time resting spent in this place.
 E = Time spent auto-exploring this place.
 F = Levels seen in this place.
 G = Mean time per level.
                   A        B        C        D        E       F      G
               +--------+--------+--------+--------+--------+-----+--------+
         Total |   1975 |   1967 |      8 |      0 |   1476 |   3 |  658.3 |
       Dungeon |   1975 |   1967 |      8 |      0 |   1476 |   3 |  658.3 |
               +--------+--------+--------+--------+--------+-----+--------+

Top non-repeatable levels by time:
     D:3: 983 daAuts
     D:2: 525 daAuts
     D:1: 466 daAuts
